 Dungeon Sprint DCSS version 0.28-a0-313-gbc0475efdd (webtiles) character file.

Game seed: 846097939559359070

2151 Ankalagon the Severer (level 9, -2/78 HPs)
             Began as a Hill Orc Fighter on Aug 31, 2021.
             Was a Believer of Yredelemnul.
             Slain by a tentacle (12 damage)
             ... attached to a kraken
             ... in the Dungeon (Sprint II: "The Violet Keep of Menkaure").
             The game lasted 00:04:46 (1410 turns).

Ankalagon the Severer (Hill Orc Fighter)            Turns: 1410, Time: 00:04:46

Health: -2/78      AC:  9    Str: 27    XL:     9   Next: 31%
Magic:  0/9        EV: 12    Int:  8    God:    Yredelemnul [**....]
Gold:   383        SH: 14    Dex: 16    Spells: 8/8 levels left

rFire   . . .      SeeInvis .   i - +2 war axe "Sigoulis" {flame, Str+8}
rCold   + + .      Faith    .   c - +0 kite shield
rNeg    . . .      Spirit   +   k - +1 scale mail "Xifue" {*Slow rPois Dex+3}
rPois   +          Reflect  .   l - +0 helmet "Naebbi" {rC++}
rElec   .          Harm     .   (no cloak)
rCorr   .          Rampage  .   (no gloves)
Will    .....      NoTele   +   (no boots)
Stlth   ..........              n - amulet of guardian spirit
HPRegen 0.23/turn               q - ring of poison resistance
MPRegen 0.11/turn               (no ring)

@: no status effects
A: no striking features
a: Renounce Religion, Animate Remains, Recall Undead Slaves, Injury Mirror


You were in the Dungeon.
You worshipped Yredelemnul.
Yredelemnul was pleased with you.
You visited 1 branch You collected 993 gold pieces.
You spent 610 gold pieces at shops.

Inventory:

Hand Weapons
 a - a +0 war axe
 i - the +2 war axe "Sigoulis" (weapon) {flame, Str+8}
   (You bought it in a shop in the Dungeon)

   It burns those it strikes, dealing additional fire damage.
   Big, fiery blades are also staple armaments of hydra-hunters.
   Str:       It affects your strength (+8).
Armour
 b - a +0 scale mail
 c - a +0 kite shield (worn)
 k - the +1 scale mail "Xifue" (worn) {*Slow rPois Dex+3}
   (You bought it in a shop in the Dungeon)

   Dex:       It affects your dexterity (+3).
   rPois:     It protects you from poison.
   *Slow:     It may slow you when you take damage.
 l - the +0 helmet "Naebbi" (worn) {rC++}
   (You bought it in a shop in the Dungeon)

   rC:        It greatly protects you from cold.
Jewellery
 n - an amulet of guardian spirit (around neck)
 q - a ring of poison resistance (left hand)
Scrolls
 e - 2 scrolls of fog {unknown}
 f - 4 scrolls of identify {unknown}
 j - a scroll of blinking
 m - a scroll of magic mapping {unknown}
 r - 2 scrolls of enchant weapon {unknown}
Potions
 d - a potion of might
 g - 2 potions of heal wounds
 h - 6 potions of magic
 o - 3 potions of resistance {unknown}
 p - a potion of invisibility {unknown}
 s - 3 potions of flight {unknown}
 t - a potion of curing
 u - a potion of mutation {unknown}
 v - a potion of lignification {unknown}


   Skills:
 + Level 6.5 Fighting
 - Level 16.0 Axes
 + Level 6.0 Armour
 + Level 3.6 Dodging
 - Level 15.0 Shields


You had 8 spell levels left.
You didn't know any spells.
Your spell library was empty.

Dungeon Overview and Level Annotations

Branches:
Dungeon (1/1)

Altars:
Cheibriados
Dithmenos
Elyvilon
Fedhas
Gozag
Hepliaklqana
Kikubaaqudgha
Makhleb
Nemelex Xobeh
Okawaru
Qazlal
Ru
Sif Muna
Trog
Uskayaw
Vehumet
Wu Jian
Xom
Yredelemnul
Zin
The Shining One
Beogh
Jiyva
Lugonu

Shops:
D ?=::(*!([!([?=[

Annotations:
D exclusion: oklob plant


Message History

You barely miss the tentacle. You block the tentacle's attack.
You closely miss the tentacle.
The tentacle slaps you but does no damage. x2
You slash the tentacle! You burn the tentacle!
The tentacle is heavily wounded.
The tentacle slaps you!!
You slash the tentacle! You burn the tentacle.
The tentacle is almost dead.
You block the tentacle's attack.
You barely miss the tentacle.
The tentacle is almost dead.
You block the tentacle's attack.
You slice the tentacle!! You burn the tentacle.
You kill the tentacle!
You slash the tentacle! You burn the tentacle.
The tentacle is heavily wounded.
The tentacle completely misses you. The tentacle slaps you.
You completely miss the tentacle.
The tentacle is moderately wounded.
You block the tentacle's attack.
You slice the tentacle!! You burn the tentacle.
The tentacle is almost dead.
The tentacle slaps you!!
A tentacle rises from the water!
You are too injured to fight recklessly!
You are too injured to fight recklessly!
You completely miss the tentacle.
The tentacle is almost dead.
The tentacle barely misses you.
You barely miss the tentacle.
The tentacle is almost dead.
The tentacle slaps you!!
* * * LOW HITPOINT WARNING * * *
The tentacle closely misses you. You block the tentacle's attack.
You see here a +0 scale mail.
The tentacle slaps you.
* * * LOW HITPOINT WARNING * * *
The tentacle slaps you!
You die...
Your body rises from the dead as a mindless zombie.

▓▓+▓▓▓▓.▓ +.○.▓0..▓
#○..▓▓▓▓▓▓▓▓▓▓
#○..▓§§≈≈§≈≈§▓▓
#||▓▓▓▓▓▓▓▓▓▓▓
#):▓[[..[.[.▓▓
#|:▓(.())...▓▓
+.####|)▓(..(.(.)▓▓
...####▓.[[..)(@▓▓
#..##.#▓...[..w.▓▓
+..#..#▓...../([▓▓
#..#..#▓..[(<...▓▓
##..##.#▓)....\..▓▓
###.^.##▓▓▓▓▓▓▓\▓▓▓▓+▓
..≈≈≈≈≈≈≈≈≈≈≈≈≈.\wXw≈▓
..≈#)########'###V≈w≈▓
.§§#....._..#≈§§##≈≈≈▓


You could see a kraken and 2 tentacles.

Vanquished Creatures
  A merfolk siren (D)
  A yaktaur (D)
  A hornet (D)
  3 polar bears (D)
  Menkaure (D)
  4 water moccasins (D)
  4 scorpions (D)
  3 worms (D)
  A tentacle (D)
19 creatures vanquished.

Vanquished Creatures (others)
  2 polar bear zombies (D)
  A water moccasin zombie (D)
  12 tentacles (D)
15 creatures vanquished.

Grand Total: 34 creatures vanquished

Notes
Turn   | Place    | Note
-------+----------+-------------------------------------------
     0 | D        | Ankalagon the Hill Orc Fighter began the quest for the Orb.
     0 | D        | Reached XP level 1. HP: 19/19 MP: 1/1
     1 | D        | Noticed a scorpion
     1 | D        | Noticed a scorpion
     6 | D        | Killed a scorpion
     7 | D        | Reached skill level 7 in Axes
     7 | D        | Reached XP level 2. HP: 14/26 MP: 2/2
     7 | D        | Reached XP level 3. HP: 16/31 MP: 3/3
    10 | D        | Killed a scorpion
    11 | D        | Reached skill level 9 in Axes
    11 | D        | Reached XP level 4. HP: 15/39 MP: 4/4
    11 | D        | Reached XP level 5. HP: 17/45 MP: 5/5
   232 | D        | Reached skill level 10 in Axes
   240 | D        | Reached skill level 11 in Axes
   240 | D        | Reached XP level 6. HP: 16/51 MP: 6/6
   459 | D        | Noticed a boulder beetle
   459 | D        | Noticed a boulder beetle
   493 | D        | Noticed a merfolk siren
   513 | D        | Killed a merfolk siren
   514 | D        | Reached skill level 13 in Axes
   514 | D        | Reached XP level 7. HP: 57/57 MP: 7/7
   517 | D        | Found Uritasas's Antique Armour Shop.
   518 | D        | Found Lalo's Armour Shop.
   518 | D        | Found Rour's Magic Scroll Shop.
   518 | D        | Found Naav's Distillery.
   518 | D        | Found Syil's Weapon Boutique.
   518 | D        | Found Udod Pey's Antique Weapon Shop.
   518 | D        | Found Usasm's Antique Armour Shop.
   519 | D        | Found Isopp's Distillery.
   519 | D        | Found Ricwacle's Assorted Antiques.
   520 | D        | Found Saelabar's Jewellery Boutique.
   521 | D        | Found Cyit's Antique Weapon Shop.
   521 | D        | Found Goeger's Book Boutique.
   521 | D        | Noticed Menkaure
   521 | D        | Noticed an oklob plant
   522 | D        | Found Kasuef's Jewellery Shop.
   522 | D        | Found Teskig's Magic Scroll Boutique.
   522 | D        | Found Goemy's Book Shoppe.
   522 | D        | Noticed a redback
   533 | D        | Killed Menkaure
   534 | D        | Reached skill level 14 in Axes
   541 | D        | Noticed a great orb of eyes
   543 | D        | Bought a pitted war axe for 195 gold pieces
   543 | D        | Identified the +2 war axe "Sigoulis" {flame, Str+8} (You
                  | bought it in a shop in the Dungeon)
   550 | D        | Noticed a redback
   557 | D        | Bought an encrusted scale mail for 216 gold pieces
   557 | D        | Identified the +1 scale mail "Xifue" {*Slow rPois Dex+3}
                  | (You bought it in a shop in the Dungeon)
   572 | D        | Bought a faintly humming helmet for 199 gold pieces
   572 | D        | Identified the +0 helmet "Naebbi" {rC++} (You bought it in
                  | a shop in the Dungeon)
   618 | D        | Found an opulent altar of Gozag.
   619 | D        | Found a blossoming altar of Fedhas.
   620 | D        | Found a white marble altar of Elyvilon.
   621 | D        | Found a shadowy altar of Dithmenos.
   621 | D        | Found a corrupted altar of Lugonu.
   621 | D        | Found a burning altar of Makhleb.
   622 | D        | Found a snail-covered altar of Cheibriados.
   622 | D        | Found an ancient bone altar of Kikubaaqudgha.
   622 | D        | Found a bloodstained altar of Trog.
   623 | D        | Found a roughly hewn altar of Beogh.
   623 | D        | Found a viscous altar of Jiyva.
   623 | D        | Found a shimmering blue altar of Sif Muna.
   624 | D        | Found a hazy altar of Hepliaklqana.
   624 | D        | Found a sacrificial altar of Ru.
   625 | D        | Found a shimmering altar of Xom.
   626 | D        | Found a stormy altar of Qazlal.
   626 | D        | Found an ornate altar of the Wu Jian Council.
   626 | D        | Found a sparkling altar of Nemelex Xobeh.
   626 | D        | Found a hide-covered altar of Uskayaw.
   626 | D        | Found a basalt altar of Yredelemnul.
   626 | D        | Found a glowing golden altar of the Shining One.
   626 | D        | Noticed a hornet
   626 | D        | Noticed a polar bear
   626 | D        | Noticed a polar bear
   627 | D        | Found a radiant altar of Vehumet.
   627 | D        | Found an iron altar of Okawaru.
   627 | D        | Found a glowing silver altar of Zin.
   627 | D        | Noticed a yaktaur
   627 | D        | Noticed a polar bear
   635 | D        | Became a worshipper of Yredelemnul the Dark
   653 | D        | Killed a polar bear
   654 | D        | Reached skill level 15 in Axes
   654 | D        | Reached XP level 8. HP: 22/64 MP: 8/8
   654 | D        | Killed a polar bear
   659 | D        | Killed a yaktaur
   659 | D        | Reached * piety under Yredelemnul
   660 | D        | Reached skill level 16 in Axes
   667 | D        | Killed a hornet
   668 | D        | Reached skill level 15 in Shields
   668 | D        | Reached skill level 1 in Dodging
   675 | D        | Killed a polar bear
   676 | D        | Reached skill level 5 in Fighting
   676 | D        | Reached XP level 9. HP: 12/74 MP: 6/9
   982 | D        | Noticed a kraken
  1003 | D        | Reached ** piety under Yredelemnul
  1004 | D        | Reached skill level 5 in Armour
  1410 | D        | Slain by a tentacle

Illustrated notes

Levels and vault maps discovered:
D:        the_violet_keep_of_menkaure [sprint2_stairs_cluster_1,
          sprint2_shoproom, sprint2_temple, sprint2_basic_supplies,
          sprint2_obstacle_7, sprint2_obstacle_6, sprint2_obstacle_3,
          sprint2_obstacle_2, sprint2_obstacle_1, sprint2_timed_cluster_1,
          sprint2_smallroom_cluster_1, sprint2_smallroom_final_cluster_1,
          sprint2_transparent_cluster_1, sprint2_second_timed_cluster_1,
          sprint2_sniper_area_1, sprint2_heavy_combat_area_1,
          sprint2_mutation_trap_area_1, sprint2_forest_area_1,
          sprint2_light_combat_area_1, sprint2_behind_water_1,
          sprint2_near_end_vault_1]

Skill      XL: |  1  2  3  4  5  6  7  8  9 |
---------------+----------------------------+-----
Axes           | 7 9 11 13 15 16 | 16.0
Shields        | 6 8 9 12 13 15 | 15.0
Fighting       | 5 6 |  6.5
Armour         | 4 6 |  6.0
Dodging        | 2 3 |  3.6

Action                   |  1- 3 |  4- 6 |  7- 9 || total
-------------------------+-------+-------+-------++-------
Melee: War axe           |     7 |    45 |    69 ||   121
Invok: Animate Remains   |       |       |     3 ||     3
  Use: Potion            |     1 |       |     3 ||     4
Armor: Scale mail        |       |     3 |    20 ||    23
Dodge: Dodged            |       |     5 |    23 ||    28
Block: Kite shield       |     2 |    16 |    45 ||    63

Table legend: (Time is in decaauts)
 A = Elapsed time spent in this place.
 B = Non-inter-level travel time spent in this place.
 C = Inter-level travel time spent in this place.
 D = Time resting spent in this place.
 E = Time spent auto-exploring this place.
 F = Levels seen in this place.
 G = Mean time per level.
                   A        B        C        D        E       F      G
               +--------+--------+--------+--------+--------+-----+--------+
         Total |   1414 |   1414 |      0 |    948 |      0 |   1 | 1414.0 |
       Dungeon |   1414 |   1414 |      0 |    948 |      0 |   1 | 1414.0 |
               +--------+--------+--------+--------+--------+-----+--------+

Top non-repeatable levels by time:
       D: 1414 daAuts
